 Dungeon Crawl Stone Soup version 0.21.1-1-g345015f (webtiles) character file.

959 Kagorn the Skirmisher (level 8, -5/55 HPs)
             Began as a Halfling Fighter on June 30, 2018.
             Slain by a centaur (7 damage)
             ... on level 5 of the Dungeon.
             The game lasted 00:26:51 (5769 turns).

Kagorn the Skirmisher (Halfling Fighter)            Turns: 5769, Time: 00:26:51

Health: -5/55      AC:  8    Str: 17    XL:     8   Next: 37%
Magic:  8/8        EV: 10    Int:  6    God:
Gold:   204        SH:  6    Dex: 16    Spells: 7/7 levels left

rFire    . . .     SeeInvis .   l - +1 whip (drain)
rCold    . . .     Gourm    .   v - +2 buckler
rNeg     . . .     Faith    +   b - +0 scale mail
rPois    +         Spirit   .   (helmet restricted)
rElec    .         Reflect  .   (no cloak)
rCorr    .         Harm     .   q - +0 pair of gloves
MR       .....                  k - +0 pair of boots
Stlth    ..........             h - amulet of faith
HPRegen  0.18/turn              i - ring of poison resistance
MPRegen  0.11/turn              (no ring)

@: extremely drained
A: small, horns 1, mutation resistance 1
a: no special abilities


You were on level 5 of the Dungeon.
You were not hungry.

You visited 1 branch of the dungeon, and saw 5 of its levels.

You collected 204 gold pieces.

Inventory:

Hand Weapons
 a - a +0 war axe
 l - a +1 whip of draining (weapon)
 s - a +0 hunting sling
 A - a +0 long sword
Missiles
 e - 146 stones (quivered)
 g - 9 sling bullets
Armour
 b - a +0 scale mail (worn)
 c - a +0 shield
 k - a +0 pair of boots (worn)
 q - a +0 pair of gloves (worn)
 v - a +2 buckler (worn)
Jewellery
 h - an amulet of faith (around neck)
 i - a ring of poison resistance (left hand)
Wands
 y - a wand of flame (53)
Scrolls
 j - a scroll of enchant armour {unknown}
 m - 3 scrolls of identify
 n - a scroll of amnesia
 o - 2 scrolls of remove curse {unknown}
Potions
 d - a potion of might
 r - a potion of agility
 t - a potion of haste
 x - a potion of flight
Books
 w - a book of Flames

   Spells                             Type                      Level
   a - Flame Tongue                   Conjuration/Fire             1
   b - Throw Flame                    Conjuration/Fire             2
   c - Conjure Flame                  Conjuration/Fire             3
   d - Inner Flame                    Hexes/Fire                   3
   e - Sticky Flame                   Conjuration/Fire             4
   f - Fireball                       Conjuration/Fire             5
Comestibles
 f - 7 rations


   Skills:
 * Level 5.1(0.0) Fighting
 - Level 2.4(0.0) Axes
 * Level 3.6(0.0) Maces & Flails
 + Level 4.7(0.0) Armour
 + Level 3.1(0.0) Dodging
 + Level 3.4(0.0) Stealth
 + Level 4.6(0.0) Shields


You had 7 spell levels left.
You didn't know any spells.

Dungeon Overview and Level Annotations

Branches:
Dungeon (5/15)
 Temple: D:4-7

Altars:
Dithmenos
Hepliaklqana
Qazlal
Ru
Uskayaw
Xom

Annotations:
D:5 janNiko's ghost, novice DsNe


Innate Abilities, Weirdness & Mutations

You are small and have problems with some larger weapons.
You are somewhat resistant to further mutation.
You have a pair of small horns on your head.


Message History

JanNiko's ghost is heavily damaged.
The centaur closely misses you.
JanNiko's ghost says, "Don't worry, I won't let your corpse go to waste."
JanNiko's ghost barely misses you. The centaur closely misses you.
JanNiko's ghost hits you but does no damage.
You feel drained.
You hit janNiko's ghost. You headbutt janNiko's ghost.
JanNiko's ghost is severely damaged.
The centaur hits you!
* * * LOW HITPOINT WARNING * * *
JanNiko's ghost closely misses you. The centaur barely misses you.
You miss janNiko's ghost.
JanNiko's ghost is severely damaged.
The centaur closely misses you.
JanNiko's ghost hits you but does no damage.
You feel drained.
You closely miss janNiko's ghost. You headbutt janNiko's ghost.
JanNiko's ghost is severely damaged.
The centaur hits you!
You die...

##........##########...#
###........##........##.W#
##.........##..........##.#
###..........#..............#
##..รท........##............###
###...#............########...#
##...###.).....##..## ##..#
....## ##......#..## . .....##
#.....##@## ......# #.....#cW#
......# ##....#.## ......##
#....#. .......# ##...#.
.......# #####. .......# #.
.......# ## ......##


You could see a centaur and janNiko's ghost.

Vanquished Creatures
  2 ice beasts (D:5)
  2 phantoms (D:5)
  An ogre (D:5)
  2 bullfrog zombies (D:5)
  A crimson imp (D:5)
  A hound (D:5)
  A jelly (D:5)
  A bullfrog skeleton (D:5)
  3 orc wizards
  3 worker ants (D:5)
  8 adders
  An adder skeleton (D:5)
  3 worms (D:3)
  A dart slug (D:2)
  3 leopard geckos
  11 orcs
  3 giant cockroaches
  3 goblins
  4 hobgoblins
  5 jackals
  10 kobolds
  3 quokkas
  8 bats
  3 frilled lizards
  A quokka skeleton (D:5)
  7 rats
  A fungus (D:4)
  A plant (D:4)
93 creatures vanquished.

Notes
Turn   | Place    | Note
-------+----------+-------------------------------------------
     0 | D:1      | Kagorn the Halfling Fighter began the quest for the Orb.
     0 | D:1      | Reached XP level 1. HP: 15/15 MP: 1/1
   171 | D:1      | Reached XP level 2. HP: 18/20 MP: 2/2
   521 | D:1      | Reached skill level 3 in Fighting
   673 | D:2      | Reached XP level 3. HP: 20/26 MP: 3/3
  1247 | D:3      | Found a shadowy altar of Dithmenos.
  1269 | D:3      | Reached skill level 1 in Stealth
  1269 | D:3      | Reached XP level 4. HP: 31/31 MP: 4/4
  1315 | D:3      | Reached skill level 1 in Dodging
  1512 | D:3      | Reached skill level 1 in Maces & Flails
  1610 | D:3      | Found a shimmering altar of Xom.
  1632 | D:3      | Reached XP level 5. HP: 36/36 MP: 5/5
  2573 | D:4      | Found a hazy altar of Hepliaklqana.
  2647 | D:4      | Noticed a dagger
  2647 | D:4      | Noticed a dagger
  2650 | D:4      | Found a hide-covered altar of Uskayaw.
  3185 | D:4      | Reached XP level 6. HP: 39/43 MP: 6/6
  3251 | D:4      | Found a shimmering altar of Xom.
  3683 | D:4      | Found a sacrificial altar of Ru.
  4831 | D:5      | Entered Level 5 of the Dungeon
  4838 | D:5      | Reached skill level 4 in Fighting
  5025 | D:5      | Found a stormy altar of Qazlal.
  5265 | D:5      | Reached XP level 7. HP: 42/48 MP: 7/7
  5415 | D:5      | Reached XP level 8. HP: 30/54 MP: 8/8
  5530 | D:5      | Reached skill level 5 in Fighting
  5699 | D:5      | Noticed janNiko's ghost (novice DsNe)
  5755 | D:5      | Gained mutation: You have a pair of small horns on your head. [potion of mutation]
  5767 | D:5      | HP: 2/55 [centaur (7)]
  5769 | D:5      | Slain by a centaur

Skill      XL: |  1  2  3  4  5  6  7  8 |
---------------+-------------------------+-----
Fighting       | 3 4 5 |  5.1
Stealth        | 1 2 3 |  3.4
Dodging        | 1 2 3 |  3.1
Maces & Flails | 1 2 3 |  3.6
Armour         | 4 |  4.7
Shields        | 4 |  4.6
Axes           | |  2.4

Action                   |  1- 3 |  4- 6 |  7- 9 || total
-------------------------+-------+-------+-------++-------
Melee: War axe           |    88 |       |       ||    88
       Whip              |    38 |   339 |   195 ||   572
       Headbutt          |       |       |     4 ||     4
  Use: Scroll            |     3 |     5 |       ||     8
       Potion            |     1 |     5 |     3 ||     9
  Eat: Ration            |     1 |     5 |       ||     6
Armor: Scale mail        |    48 |    98 |    58 ||   204
Dodge: Dodged            |    53 |    90 |    75 ||   218
Block: Shield            |    73 |   113 |       ||   186
       Buckler           |       |    17 |    61 ||    78
